 Dungeon Crawl Stone Soup version 0.19.5 (webtiles) character file.

2914 McKennaii the Thaumaturge (level 9, -2/47 HPs)
             Began as a Deep Elf Fire Elementalist on May 12, 2017.
             Was an Initiate of Vehumet.
             Slain by a yak (15 damage)
             ... on level 8 of the Dungeon.
             The game lasted 00:25:57 (6614 turns).

McKennaii the Thaumaturge (DEFE)                    Turns: 6614, Time: 00:25:58

Health: -2/47      AC:  5    Str:  5    XL:     9   Next: 50%
Magic:  21/25      EV: 14    Int: 24    God:    Vehumet [......]
Gold:   455        SH:  0    Dex: 15    Spells: 7 memorised, 9 levels left

rFire  . . .     SeeInvis .     (no weapon)
rCold  . . .     Gourm    .     a - +0 robe
rNeg   . . .     Faith    .     (no shield)
rPois  .         Spirit   .     o - +0 helmet
rElec  .         Reflect  .     w - +0 cloak
rCorr  .         Harm     .     (no gloves)
MR     .....                    h - +0 pair of boots
Stlth  +.........               (no amulet)
                                (no ring)
                                (no ring)

@: confused
A: no striking features
a: Renounce Religion


You were on level 8 of the Dungeon.
You worshipped Vehumet.
Vehumet was noncommittal.
You were hungry.

You visited 2 branches of the dungeon, and saw 9 of its levels.

You collected 467 gold pieces.
You spent 12 gold pieces at shops.

Inventory:

Armour
 a - a +0 robe (worn)
 h - a +0 pair of boots (worn)
 o - a +0 helmet (worn)
 w - a +0 cloak (worn)
 J - a +0 pair of gloves
Wands
 q - a wand of lightning (4/15)
 D - a wand of polymorph (8/24)
 E - a wand of confusion (27/48)
Scrolls
 e - a scroll of teleportation
 f - 2 scrolls of fear
 k - 4 scrolls of fog
 l - 5 scrolls of identify
 s - 4 scrolls of remove curse
 t - 2 scrolls of noise {unknown}
 u - 2 scrolls of magic mapping {unknown}
 y - 2 scrolls of enchant weapon {unknown}
 A - a scroll of immolation {unknown}
 C - a scroll of vulnerability {unknown}
Potions
 d - 2 potions of magic
 g - a potion of ambrosia
 j - a potion of cure mutation
 p - 4 potions of lignification
 r - a potion of might
 v - a potion of mutation
 x - a potion of brilliance
 z - a potion of curing
 B - a potion of resistance {unknown}
 F - a potion of cancellation {unknown}
 G - a potion of agility
 H - a potion of heal wounds {unknown}
Books
 b - a book of Flames

   Spells                             Type                      Level
   a - Flame Tongue                   Conjuration/Fire             1
   b - Throw Flame                    Conjuration/Fire             2
   c - Conjure Flame                  Conjuration/Fire             3
   d - Inner Flame                    Hexes/Fire                   3
   e - Sticky Flame                   Conjuration/Fire             4
   f - Fireball                       Conjuration/Fire             5
 I - a book of Debilitation

   Spells                             Type                      Level
   a - Corona                         Hexes                        1
   b - Slow                           Hexes                        2
   c - Gell's Gravitas                Hexes/Translocation          3
   d - Inner Flame                    Hexes/Fire                   3
   e - Cause Fear                     Hexes                        4
   f - Leda's Liquefaction            Hexes/Earth                  4
Comestibles
 c - 8 bread rations
 i - 2 fruits
 m - 2 meat rations
 n - 8 beef jerkies


   Skills:
 + Level 1.1 Fighting
 + Level 3.7 Dodging
 + Level 3.8 Stealth
 + Level 10.9 Spellcasting
 + Level 7.3 Conjurations
 + Level 8.3 Fire Magic


You had 9 spell levels left.
You knew the following spells:

 Your Spells              Type           Power        Failure   Level  Hunger
a - Flame Tongue          Conj/Fire      #####        1%          1    None
b - Throw Flame           Conj/Fire      ######       1%          2    None
c - Conjure Flame         Conj/Fire      ######..     1%          3    None
d - Slow                  Hex            ##......     10%         2    None
e - Gell's Gravitas       Hex/Tloc       ##........   17%         3    None
f - Fireball              Conj/Fire      ######....   6%          5    ####...
g - Cause Fear            Hex            ##........   54%         4    None


Dungeon Overview and Level Annotations

Branches:
Dungeon (8/15)             Temple (1/1) D:7
   Lair: D:8-11

Altars:
Ashenzari
Cheibriados
Dithmenos
Elyvilon
Fedhas
Gozag
Hepliaklqana
Kikubaaqudgha
Makhleb
Nemelex Xobeh
Okawaru
Ru
Sif Muna
Trog
Uskayaw
Vehumet
Xom
Yredelemnul
Zin
The Shining One

Shops:
D:7 !


Message History

Casting: Flame Tongue
Confirm with . or Enter, or press ? or * to list all spells.
Aiming: Flame Tongue
Press: ? - help, Shift-Dir - straight line, f/p - yak
Aim: a yak (severely wounded)
The flame tongue hits the yak.
The yak is severely wounded.
The yak gores you!
* * * LOW HITPOINT WARNING * * *
Casting: Flame Tongue
Confirm with . or Enter, or press ? or * to list all spells.
Aiming: Flame Tongue
Press: ? - help, Shift-Dir - straight line, f/p - yak
Aim: a yak (severely wounded)
The flame tongue hits the yak.
The yak appears unharmed.
The yak is severely wounded.
You are confused.
You feel invigorated.
You bump into the rock wall.
The yak gores you!
You die...

..#........####...>..#
#..........# #......############
###........# #..................
###........####.......'########).
[##...........#######.#........#.
..####(..(.##.## #.#.+####'.#(
......##...##..### #.#.#....#.#.
.....(.....###.YY## #.#.#.##.#.#.
####.#####...###@.###.#.#.##.#.#)
#.......#.# ##..##.#.#....#.#.
#######...# ##.##.#.'####'.#.
#...## #.#..#........#. ##...#
#.#..'########'. ## #c#.#
#............... .. #.#.#
##....[.########
#.#####...######...)## ##
#.#.....(...........########.


You could see 2 yaks.

Vanquished Creatures
  The ghost of Sanvar the Slinger, an amateur HaHu (D:3)
  A yak (D:8)
  Edmund (D:5)
  A sky beast (D:5)
  2 ice beasts
  6 ogres
  2 phantoms
  3 centaurs
  2 bullfrogs (D:6)
  2 scorpions
  A bullfrog zombie (D:7)
  A centaur skeleton (D:5)
  5 hounds
  A jelly (D:7)
  4 orc priests
  A bullfrog skeleton (D:7)
  2 iguanas
  3 orc wizards
  Natasha (thrice) (D:3)
  8 worker ants
  Robin (D:2)
  9 adders
  2 gnolls (D:5)
  2 shadow imps (D:5)
  2 adder zombies
  5 worms
  2 dart slugs
  5 leopard geckos
  16 orcs
  8 giant cockroaches
  14 goblins
  10 hobgoblins
  15 jackals
  6 kobolds
  3 quokkas
  A ball python (D:3)
  5 bats
  8 frilled lizards
  A jackal skeleton (D:5)
  A leopard gecko zombie (D:7)
  A quokka skeleton (D:6)
  2 quokka zombies (D:7)
  9 rats
178 creatures vanquished.

Notes
Turn   | Place    | Note
-------+----------+-------------------------------------------
     0 | D:1      | McKennaii the Deep Elf Fire Elementalist began the quest for the Orb.
     0 | D:1      | Reached XP level 1. HP: 10/10 MP: 6/6
   181 | D:1      | Reached XP level 2. HP: 11/15 MP: 0/8
   553 | D:1      | Reached XP level 3. HP: 19/19 MP: 7/10
   569 | D:1      | Learned a level 2 spell: Throw Flame
   573 | D:1      | Learned a level 3 spell: Conjure Flame
  1008 | D:2      | Reached XP level 4. HP: 5/24 MP: 0/11
  1017 | D:2      | Reached skill level 4 in Spellcasting
  1119 | D:2      | Noticed Robin
  1221 | D:2      | Killed Robin
  1620 | D:2      | Found a sacrificial altar of Ru.
  1973 | D:3      | Noticed Natasha
  1976 | D:3      | Killed Natasha
  1976 | D:3      | Reached XP level 5. HP: 13/28 MP: 6/13
  1976 | D:3      | Noticed Natasha
  1979 | D:3      | Killed Natasha
  2103 | D:3      | Noticed Natasha
  2104 | D:3      | Killed Natasha
  2104 | D:3      | Reached skill level 5 in Spellcasting
  2182 | D:3      | Reached skill level 5 in Fire Magic
  2189 | D:3      | Noticed Sanvar's ghost (amateur HaHu)
  2672 | D:3      | Killed Sanvar's ghost
  2672 | D:3      | Reached skill level 6 in Spellcasting
  2672 | D:3      | Reached XP level 6. HP: 26/33 MP: 9/17
  3101 | D:4      | Reached XP level 7. HP: 27/37 MP: 11/18
  3427 | D:5      | Entered Level 5 of the Dungeon
  3474 | D:5      | Reached skill level 7 in Spellcasting
  3652 | D:5      | Found an opulent altar of Gozag.
  3688 | D:5      | Noticed Edmund
  3703 | D:5      | Killed Edmund
  3766 | D:5      | Reached XP level 8. HP: 42/42 MP: 4/21
  3777 | D:5      | Reached skill level 8 in Spellcasting
  3777 | D:5      | Reached skill level 5 in Conjurations
  4384 | D:6      | Learned a level 5 spell: Fireball
  4578 | D:6      | Reached skill level 1 in Fighting
  4578 | D:6      | Reached skill level 9 in Spellcasting
  4628 | D:6      | Noticed a moth of wrath
  4810 | D:6      | Found a bloodstained altar of Trog.
  5326 | D:7      | Reached skill level 10 in Spellcasting
  5326 | D:7      | Reached XP level 9. HP: 47/47 MP: 14/25
  5330 | D:7      | Found a staircase to the Ecumenical Temple.
  5343 | Temple   | Entered the Ecumenical Temple
  5436 | Temple   | Became a worshipper of Vehumet
  5643 | D:7      | Found Jouzuggebe's Distillery.
  5668 | D:7      | Bought a potion of degeneration for 12 gold pieces
  6426 | D:8      | Learned a level 2 spell: Slow
  6430 | D:8      | Learned a level 3 spell: Gell's Gravitas
  6435 | D:8      | Learned a level 4 spell: Cause Fear
  6614 | D:8      | Slain by a yak

Skill      XL: |  1  2  3  4  5  6  7  8  9 |
---------------+----------------------------+-----
Fire Magic     | 4 5 6 7 8 |  8.3
Stealth        | 3 |  3.8
Spellcasting   | 4 6 7 10 | 10.9
Conjurations   | 2 3 4 6 7 |  7.3
Dodging        | 3 |  3.7
Fighting       | 1 |  1.1

Action                   |  1- 3 |  4- 6 |  7- 9 || total
-------------------------+-------+-------+-------++-------
Melee: Unarmed           |     1 |     7 |     2 ||    10
 Cast: Flame Tongue      |    68 |   102 |   251 ||   421
       Throw Flame       |     4 |    16 |    36 ||    56
       Conjure Flame     |       |     2 |     5 ||     7
       Fireball          |       |       |     3 ||     3
  Use: Scroll            |       |     7 |     9 ||    16
       Potion            |       |       |     3 ||     3
 Stab: Sleeping          |     1 |       |       ||     1
  Eat: Chunk             |       |     6 |     9 ||    15
       Fruit             |       |     1 |       ||     1
       Beef jerky        |       |       |     1 ||     1
Armor: Robe              |    14 |    15 |    18 ||    47
Dodge: Dodged            |    37 |    43 |    49 ||   129
